[Event "*** Titled Tuesday Blitz"]
[Site "Chess.com"]
[Date "2019.12.03"]
[Round "3"]
[White "Elyon2000"]
[Black "vovachesss"]
[Result "1-0"]
[WhiteElo "2359"]
[BlackElo "2570"]
[TimeControl "180+2"]
[EndTime "13:37:16 PST"]
[Termination "Elyon2000 won by resignation"]

1. d4 Nf6 2. c4 c5 3. d5 g6 4. Nc3 Bg7 5. e4 d6 6. h3 O-O 7. Nf3 e5 8. g4 a6 9. Bg5 Qc7 10.
Be2 Nbd7 11. Nd2 Rb8 12. a4 h6 13. Be3 Nh7 14. h4 f5 15. gxf5 gxf5 16. exf5 Rxf5 17. Bd3 Rf7 18. Nde4 Ndf8 19. Rg1 Kh8 20. Qh5 Rf5 21. Qe2 Qf7 22. Nxd6 Qf6 23. Nxf5 Bxf5 24. Bxf5 Qxf5 25. Qg4 Qf7 26. Ne4 Nd7 27. Qe6 Qxe6 28. dxe6 Ndf6 29. Nxc5 Re8 30. Nxb7 Rxe6 31. Rd1 Nf8 32. c5 Kh7 33. b4 Re7 34. c6 Ne6 35. b5 axb5 36. axb5 Nd4 37. Bxd4 exd4+ 38. Kf1 Nd5 39. Nd6 Bf6 40.
Nf5 Re5 41. Nxd4 Re4 42. Nf5 Re5 43. Rxd5 Rxd5 44. c7 Rc5 45. b6 Be5 46. Ke2 h5 47.
Kd3 Bxc7 48. Rg7+ Kh8 49. Rxc7 Rb5 50. b7 Rb3+ 51. Kc4 Rxb7 52. Rxb7 1-0

[Event "*** Titled Tuesday Blitz"]
[Site "Chess.com"]
[Date "2019.12.03"]
[Round "3"]
[White "PNEPaul"]
[Black "Saitama_Hero"]
[Result "0-1"]
[WhiteElo "1708"]
[BlackElo "2330"]
[TimeControl "180+2"]
[EndTime "13:37:16 PST"]
[Termination "Saitama_Hero won by resignation"]

1. e4 e5 2. Nf3 Nc6 3. Bc4 Nf6 4. Ng5 d5 5. exd5 Na5 6. d3 Nxc4 7. dxc4 Bc5 8. Nc3 Bg4 9. f3 Bd7 10. Qe2 O-O 11.
Nge4 Nxe4 12. Nxe4 Be7 13. Bd2 f5 14. Nc3 Bf6 15.
O-O-O c6 16. g4 e4 17. fxe4 fxg4 18. e5 Re8 19. e6 cxd5 20. cxd5 Qb6 21. Qxg4 Bb5 22.
Rhg1 Rac8 23. h4 Bc4 24. b3 Bxb3 25. axb3 Qa5 26. Nb1 Qa2 27. Bc3 Rxc3 28. Nxc3 Bxc3 29.
Qxg7+ Bxg7 30. Rxg7+ Kxg7 31. Rg1+ Kf8 0-1

[Event "*** Titled Tuesday Blitz"]
[Site "Chess.com"]
[Date "2019.12.03"]
[Round "3"]
[White "BvsN"]
[Black "julinha97"]
[Result "1-0"]
[WhiteElo "2382"]
[BlackElo "2194"]
[TimeControl "180+2"]
[EndTime "13:37:17 PST"]
[Termination "BvsN won by resignation"]

1. d4 Nf6 2. c4 g6 3. Nc3 Bg7 4. e4 d6 5. Nge2 O-O 6. f3 c5 7.
d5 e6 8. Ng3 exd5 9. cxd5 a6 10.
a4 Nbd7 11. Be2 Rb8 12. O-O h5 13. Bg5 Qc7 14. Qd2 Re8 15. Rac1 Nh7 16. Bh6 Bh8 17. Nh1 c4 18. Be3 b5 19. axb5 axb5 20.
b4 Qd8 21. Nf2 Qe7 22. Bd4 Bxd4 23. Qxd4 Qe5 24. Qd2 g5 25. Ra1 Ndf6 26. Ra7 Nf8 27. Rfa1 Ng6 28. Bf1 g4 29. fxg4 hxg4 30. Re1 g3 31.
hxg3 Qxg3 32. Re3 Qg5 33. Qe1 Ne5 34. Nh3 Bxh3 35. Rxh3 Nh5 36. Qf2 Qg6 37. Be2 Nf4 38. Qxf4 1-0

[Event "*** Titled Tuesday Blitz"]
[Site "Chess.com"]
[Date "2019.12.03"]
[Round "3"]
[White "francyIM"]
[Black "2165149677570"]
[Result "1-0"]
[WhiteElo "2587"]
[BlackElo "2341"]
[TimeControl "180+2"]
[EndTime "13:37:23 PST"]
[Termination "francyIM won by resignation"]

1. d4 Nf6 2. c4 b6 3. Qc2 Bb7 4. Nc3 d5 5. Nf3 e6 6. Bf4 Be7 7. e3 O-O 8. cxd5 Nxd5 9. Nxd5 Bxd5 10. Bd3 h6 11. e4 Bb7 12. O-O-O c5 13. d5 exd5 14.
exd5 Bd6 15. Bxd6 Qxd6 16. Kb1 a6 17. h4 b5 18. Ng5 c4 19. Bh7+ Kh8 20. Bg8 f5 21.
Nf7+ Rxf7 22. Bxf7 Nd7 23. Be6 Nc5 24. Bxf5 Rf8 25.
f3 b4 26. Be4 b3 27. Qxc4 bxa2+ 28.
Kxa2 Nxe4 29. fxe4 Rc8 30. Qb3 Rb8 31. Qa3 Qe5 32.
Rhe1 a5 33. Ka1 a4 34. Qc3 Qf4 35. g3 Qf2 36. e5 a3 37. bxa3 Rc8 38. Qe3 Qg2 39.
Rd2 Qh3 40. e6 Qf5 41. e7 Re8 42. d6 Bc6 43. Qc3 Bd7 44. Rdd1 Ra8 45. Rf1 1-0

[Event "*** Titled Tuesday Blitz"]
[Site "Chess.com"]
[Date "2019.12.03"]
[Round "3"]
[White "Bulldog167"]
[Black "Tiqr777"]
[Result "1-0"]
[WhiteElo "2906"]
[BlackElo "2634"]
[TimeControl "180+2"]
[EndTime "13:37:27 PST"]
[Termination "Bulldog167 won by resignation"]

1. d4 Nf6 2. c4 c5 3. d5 e6 4.
Nc3 exd5 5. cxd5 d6 6. e4 g6 7. Nf3 Bg7 8. Bg5 a6 9. Nd2 O-O 10. Qc2 b5 11. a4 b4 12. Nd1 Nbd7 13. Be2 a5 14. Ne3 Re8 15. O-O Qe7 16. Rae1 Nb6 17. Bb5 Bd7 18. Bxd7 Qxd7 19. b3 Ng4 20. Nec4 Nxc4 21.
Nxc4 Qc7 22. h3 Ne5 23. f4 Nxc4 24. Qxc4 Qb7 25. f5 Be5 26. Bf4 Qa6 27. Qc1 Qd3 28. Bxe5 Rxe5 29. Qh6 gxf5 30. Qg5+ Kh8 31. Qf6+ Kg8 32.
Rf3 Qd4+ 33. Kh1 Rxe4 34. Rg3+ Kf8 35. Qxd6+ 1-0

[Event "*** Titled Tuesday Blitz"]
[Site "Chess.com"]
[Date "2019.12.03"]
[Round "3"]
[White "Kildepiotr"]
[Black "Jenia84"]
[Result "1-0"]
[WhiteElo "2531"]
[BlackElo "2204"]
[TimeControl "180+2"]
[EndTime "13:37:27 PST"]
[Termination "Kildepiotr won by resignation"]

1. Nf3 Nf6 2. g3 d5 3. Bg2 c6 4. O-O Bf5 5. d3 Nbd7 6. Nbd2 Bg6 7. Qe1 e5 8. e4 dxe4 9. dxe4 Be7 10. Nh4 O-O 11.
Nxg6 hxg6 12. Nc4 Qc7 13. a4 Nb6 14. Ne3 Rfd8 15. a5 Nbd7 16. Nc4 b5 17. axb6 axb6 18. Bd2 Nc5 19. Rxa8 Rxa8 20. Bc3 Nfd7 21. Qd2 Na4 22. Rd1 Ra7 23. Bh3 Nxc3 24. Qxc3 Nc5 25. Qxe5 Qxe5 26.
Nxe5 Rc7 27. f3 Bf6 28. Nc4 b5 29. Ne3 Bxb2 30. Rd8+ Kh7 31. Ng4 f5 32. exf5 gxf5 33. Ne3 g6 34. g4 Re7 35. Kf2 Bc1 36. Nf1 fxg4 37. Bxg4 Bg5 38. Rd6 Rc7 39. Ng3 Bh4 40. Ke3 Na6 41. Ne4 Nb4 42. Kd2 Nd5 43. Bd7 Ne7 44. Nc5 Bg5+ 45. Kd3 Bf4 46. Re6 Kg7 47. Rxe7+ 1-0

[Event "*** Titled Tuesday Blitz"]
[Site "Chess.com"]
[Date "2019.12.03"]
[Round "3"]
[White "KRASAVCHIK2002"]
[Black "Faustregel"]
[Result "1/2-1/2"]
[WhiteElo "2459"]
[BlackElo "2735"]
[TimeControl "180+2"]
[EndTime "13:37:34 PST"]
[Termination "Game drawn by repetition"]

1. e4 c5 2. Nf3 d6 3. d4 cxd4 4.
Nxd4 Nf6 5. Nc3 Nc6 6. f3 e5 7.
Nb3 Be7 8. Be3 Be6 9. Qe2 O-O 10. O-O-O Qc8 11. Kb1 Rd8 12. g4 d5 13. g5 Nxe4 14. Nxe4 dxe4 15. Rxd8+ Qxd8 16. fxe4 Bxg5 17. Rg1 Bxe3 18.
Qxe3 Qd1+ 19. Nc1 Qd4 20. Qg3 g6 21. Bd3 Rd8 22. a3 b6 23. h4 b5 24. h5 b4 25.
hxg6 hxg6 26. axb4 Qxb4 27. Rh1 Rb8 28. b3 Qd6 29.
Qh4 Kf8 30. Qf6 Ke8 31. Bc4 Kd7 32. Bxe6+ Qxe6 33. Qf2 Nd4 34. Nd3 Ke7 35. Rf1 Rb6 36. Qh4+ f6 37. Qh7+ Qf7 38. Qh8 Nxb3 39. Nxe5 Nc5+ 40.
Kc1 Qa2 41. Qg7+ Ke8 42. Qh8+ Ke7 43. Qg7+ Ke8 44. Qh8+ Ke7 1/2-1/2

[Event "*** Titled Tuesday Blitz"]
[Site "Chess.com"]
[Date "2019.12.03"]
[Round "3"]
[White "Radzio1987"]
[Black "ShahMatKanal"]
[Result "1-0"]
[WhiteElo "2877"]
[BlackElo "2482"]
[TimeControl "180+2"]
[EndTime "13:37:34 PST"]
[Termination "Radzio1987 won by resignation"]

1. c4 e6 2. Nc3 d5 3. d4 Nf6 4. cxd5 exd5 5. Bg5 c6 6. e3 Qb6 7. Qc2 Ne4 8. Bf4 Nxc3 9. bxc3 Nd7 10. Bd3 Nf6 11. Ne2 Qd8 12. O-O Bd6 13. c4 Bxf4 14.
Nxf4 dxc4 15. Bxc4 O-O 16. Rad1 Qa5 17. e4 Qg5 18. g3 h5 19. h4 Qh6 20. e5 Ng4 21.
Qe4 g5 22. Ng2 gxh4 23. Nxh4 Qh7 24. Qf4 Be6 25. Bxe6 fxe6 26. Qg5+ Qg7 27. Qxh5 Nh6 28. Kg2 Nf5 29. Ng6 Rfd8 30. Rh1 Rxd4 31. Rxd4 Nxd4 32.
Qh8+ Qxh8 33. Rxh8+ Kg7 34. Rxa8 Kxg6 35. Rxa7 b5 36. g4 Kg5 37. Kg3 Ne2+ 38. Kf3 Ng1+ 39. Ke4 Nh3 40. f3 Nf2+ 41. Ke3 Nd1+ 42. Kd4 1-0

[Event "*** Titled Tuesday Blitz"]
[Site "Chess.com"]
[Date "2019.12.03"]
[Round "3"]
[White "kuli4ik"]
[Black "pulvettd"]
[Result "1-0"]
[WhiteElo "2817"]
[BlackElo "2615"]
[TimeControl "180+2"]
[EndTime "13:37:36 PST"]
[Termination "kuli4ik won by checkmate"]

1. Nf3 c6 2. g3 d5 3. Bg2 Nf6 4. O-O Bf5 5. c4 h6 6. cxd5 cxd5 7. Qb3 Qb6 8. Nc3 e6 9. Qxb6 axb6 10. d3 Bc5 11. Nd2 Nc6 12. Nb3 O-O 13. Nb5 Rfd8 14. Bd2 e5 15. Rfc1 Bf8 16. h3 h5 17. Be3 d4 18. Bg5 Rdc8 19. Nd2 Be6 20. Nc4 Bxc4 21. Rxc4 Ra5 22. a4 Rca8 23. Nc7 Rc8 24. Bxf6 Rxc7 25.
Bd8 Rc8 26. Bxb6 Ra6 27. a5 Rca8 28. Bxc6 bxc6 29. Rxc6 Bb4 30. Kg2 Bxa5 31. Rxa5 Rxa5 32. Bxa5 Rxa5 33. b4 Rb5 34. Rc5 Rxc5 35. bxc5 Kf8 36.
g4 hxg4 37. hxg4 Ke7 38. Kf3 f6 39. Ke4 Ke6 40. f4 exf4 41. Kxf4 g6 42. Ke4 g5 43. Kxd4 f5 44. gxf5+ Kxf5 45. Ke3 Ke5 46. d4+ Kd5 47. Kf3 g4+ 48. Kxg4 Kxd4 49. c6 Ke4 50. c7 Ke3 51.
c8=Q Kf2 52. Qc3 Kf1 53. e4 Kg1 54. Qd2 Kh1 55. Kg3 Kg1 56. Qd1# 1-0

[Event "*** Titled Tuesday Blitz"]
[Site "Chess.com"]
[Date "2019.12.03"]
[Round "3"]
[White "MathiasWomacka"]
[Black "chiwii"]
[Result "1-0"]
[WhiteElo "2323"]
[BlackElo "1925"]
[TimeControl "180+2"]
[EndTime "13:37:38 PST"]
[Termination "MathiasWomacka won by resignation"]

1. e4 c5 2. Nf3 e6 3. d4 cxd4 4.
Nxd4 a6 5. Bd3 Qc7 6. Qe2 d6 7. c4 Nf6 8. Nc3 Nc6 9. Nxc6 bxc6 10. O-O Be7 11. f4 e5 12. f5 Bb7 13. Be3 d5 14. cxd5 cxd5 15. exd5 Nxd5 16. Nxd5 Bxd5 17. Rac1 Qb7 18. f6 gxf6 19. Bf5 Rg8 20. Rf2 Rg7 21.
Qd2 Rd8 22. Qc2 Bxa2 23. Qa4+ Kf8 24. Qxa2 Qb5 25. b3 a5 26. Qc2 Ke8 27. Be4 Qb4 28.
Qc6+ Kf8 29. Bh6 Qxb3 30. g3 Rd1+ 31. Rxd1 Qxd1+ 32. Kg2 Qd4 33. Qa8+ Bd8 34. Rd2 1-0

[Event "*** Titled Tuesday Blitz"]
[Site "Chess.com"]
[Date "2019.12.03"]
[Round "3"]
[White "JoakimVonAnd"]
[Black "PowerChessUtah"]
[Result "1-0"]
[WhiteElo "2389"]
[BlackElo "2201"]
[TimeControl "180+2"]
[EndTime "13:37:41 PST"]
[Termination "JoakimVonAnd won by checkmate"]

1. d4 Nf6 2. c4 e6 3. Nf3 Bb4+ 4. Bd2 a5 5. a3 Be7 6. Nc3 b6 7. e4 Bb7 8. Bd3 d6 9. O-O O-O 10. Qe2 Nbd7 11. e5 Ne8 12. Rad1 c5 13. Be3 cxd4 14.
Bxd4 dxe5 15. Nxe5 Nxe5 16. Bxe5 Qc8 17. Bb1 Bf6 18. Qd3 g6 19. Bg3 Qc6 20. Ne4 Bg7 21.
f3 Nf6 22. Nd6 Rfd8 23. Qe3 Nh5 24. Nxb7 Qxb7 25. Bf2 Bxb2 26. Rxd8+ Rxd8 27. Qxb6 Qxb6 28. Bxb6 Rc8 29. Bxa5 Rxc4 30. Bb4 Nf4 31. g3 Bd4+ 32. Kh1 Nd5 33. Ba2 Rc2 34. Bxd5 exd5 35. Rd1 Bc3 36. Rxd5 Bxb4 37. axb4 Rb2 38. Rb5 Kg7 39. Rb7 h5 40. b5 Kg8 41. b6 Kg7 42. Kg1 Kf6 43. h4 Ke6 44. Rb8 Kf5 45. Kf1 Kf6 46. Ke1 Kf5 47.
Kd1 Kf6 48. Kc1 Rb3 49. Kc2 Rb5 50. Kc3 Kf5 51. Kc4 Rb1 52. Kc5 Rb3 53. Rf8 f6 54. Kc6 Rxf3 55. b7 Rc3+ 56. Kd5 Rd3+ 57. Kc4 Rxg3 58.
b8=Q Rg4+ 59. Kd3 Rxh4 60. Qb5+ Kg4 61. Rxf6 Rh3+ 62. Ke2 g5 63. Qc4+ Kg3 64. Rf3+ Kg2 65. Rxh3 Kxh3 66. Qe4 g4 67. Kf2 g3+ 68. Kg1 h4 69.
Qf5# 1-0

[Event "*** Titled Tuesday Blitz"]
[Site "Chess.com"]
[Date "2019.12.03"]
[Round "3"]
[White "AliKa2810"]
[Black "Triumphmate"]
[Result "0-1"]
[WhiteElo "2537"]
[BlackElo "2362"]
[TimeControl "180+2"]
[EndTime "13:37:43 PST"]
[Termination "Triumphmate won by resignation"]

1. d4 Nf6 2. c4 e6 3. Nc3 Bb4 4.
e3 O-O 5. Bd3 d5 6. Nf3 c5 7.
O-O Nc6 8. a3 Bxc3 9. bxc3 dxc4 10. Bxc4 Qc7 11. Ba2 e5 12. h3 e4 13. Nd2 Be6 14. Bb1 Bf5 15. Bb2 Rad8 16. Ba2 h6 17. Qe2 Bg6 18. Rfd1 Bh5 19. g4 Bg6 20. Nf1 Nh7 21.
Ng3 Ng5 22. Kg2 Nf3 23. Bb1 f5 24. gxf5 Bxf5 25. Rh1 Qf7 26. Ba2 Be6 27. Bxe6 Qxe6 28. Raf1 Nh4+ 29. Kh2 cxd4 30. cxd4 Nf3+ 31. Kg2 Ne7 32. d5 Rxd5 33. Qc4 Nf5 34. Nxf5 Rfxf5 35. Rc1 Qg6+ 36. Kf1 Nd2+ 37. Ke2 Nxc4 38. Rxc4 Rd7 39.
Rc8+ Kh7 40. h4 Qh5+ 0-1

[Event "*** Titled Tuesday Blitz"]
[Site "Chess.com"]
[Date "2019.12.03"]
[Round "3"]
[White "r31415"]
[Black "resha1988"]
[Result "1-0"]
[WhiteElo "2462"]
[BlackElo "2746"]
[TimeControl "180+2"]
[EndTime "13:37:47 PST"]
[Termination "r31415 won by resignation"]

1. e4 c5 2. Nf3 Nc6 3. d4 cxd4 4.
Nxd4 g6 5. Nc3 Bg7 6. Nde2 Nf6 7.
h3 O-O 8. g4 d6 9. Bg2 Bd7 10.
O-O Rc8 11. Be3 Ne5 12. b3 Qa5 13. Qd2 Rfe8 14. f4 Nexg4 15. hxg4 Nxg4 16. Bd4 e5 17. fxe5 dxe5 18. Be3 Be6 19. Rac1 Bf8 20. Nd5 Qxa2 21. Kh1 Bxd5 22. exd5 Nxe3 23. Qxe3 Rxc2 24. Qf3 f5 25. Ra1 Qb2 26. Rfb1 Rxe2 27. Rxb2 Rxb2 28. Qc3 Rf2 29. Rxa7 e4 30. Rxb7 e3 31. d6 Rxg2 32. Kxg2 e2 33. Qc4+ Kh8 34. Qf7 1-0

[Event "*** Titled Tuesday Blitz"]
[Site "Chess.com"]
[Date "2019.12.03"]
[Round "3"]
[White "kallerotmg"]
[Black "misha_melnichuk"]
[Result "1-0"]
[WhiteElo "2126"]
[BlackElo "2495"]
[TimeControl "180+2"]
[EndTime "13:37:52 PST"]
[Termination "kallerotmg won by checkmate"]

1. d4 Nf6 2. c4 e6 3. Nc3 Bb4 4. e3 O-O 5. Bd3 d5 6. Nf3 c5 7.
O-O cxd4 8. exd4 dxc4 9. Bxc4 b6 10. Qb3 Bxc3 11. bxc3 Bb7 12. Ba3 Re8 13. Bb5 Bc6 14. Be2 Nbd7 15. c4 Nf8 16. Ne5 Bb7 17. Rfd1 Ng6 18. Rac1 Qc7 19. Qe3 Rac8 20. f3 Red8 21. Bd3 Nxe5 22. dxe5 Nd7 23. Bd6 Qc6 24. Be4 Qa4 25.
Bxb7 Rxc4 26. Rxc4 Qxd1+ 27. Kf2 Nc5 28. Bxc5 bxc5 29. Rxc5 g6 30. Rc7 Kg7 31. Kg3 Qa1 32. Qf4 Rf8 33. Qf6+ Kg8 34. Bc8 Qxa2 35. Rxf7 Rxf7 36. Bxe6 Kf8 37. Qxf7# 1-0

[Event "*** Titled Tuesday Blitz"]
[Site "Chess.com"]
[Date "2019.12.03"]
[Round "3"]
[White "kinga2008"]
[Black "kleopl"]
[Result "1-0"]
[WhiteElo "1979"]
[BlackElo "2491"]
[TimeControl "180+2"]
[EndTime "13:37:52 PST"]
[Termination "kinga2008 won by checkmate"]

1. e4 c6 2. d4 d5 3. exd5 cxd5 4. Nc3 Nf6 5. Nf3 Bg4 6. Bb5+ Nbd7 7. O-O a6 8. Be2 e6 9. Bg5 Be7 10. Ne5 Bxe2 11. Qxe2 O-O 12. f4 Re8 13. f5 exf5 14. Rxf5 h6 15. Bh4 b5 16. Nc6 Qb6 17. Nxe7+ Kf8 18.
Nexd5 Nxd5 19. Nxd5 Rxe2 20. Nxb6 Nxb6 21. Raf1 f6 22.
Bxf6 Kg8 23. Be5 Nd7 24. R5f2 Re4 25. Rf4 Re3 26. R4f3 Re2 27. R3f2 Rxe5 28. dxe5 Nxe5 29.
Re2 Nc4 30. b3 Nb6 31. Re7 Nd5 32. Rd7 Nf6 33. Rb7 Rc8 34. Rc1 Rc6 35. c4 bxc4 36. Rxc4 Rd6 37. Rcc7 Ne4 38. Rxg7+ Kf8 39. Rbf7+ Ke8 40.
Re7+ Kf8 41. Rgf7+ Kg8 42. Ra7 Rd1+ 43. Rf1 Rd6 44. Re1 Ng5 45. h4 Nf7 46. Ree7 Nd8 47. Re8# 1-0

[Event "*** Titled Tuesday Blitz"]
[Site "Chess.com"]
[Date "2019.12.03"]
[Round "3"]
[White "Qvalda"]
[Black "MajorCoast"]
[Result "1-0"]
[WhiteElo "2523"]
[BlackElo "2128"]
[TimeControl "180+2"]
[EndTime "13:37:55 PST"]
[Termination "Qvalda won by checkmate"]

1. d4 d5 2. Bf4 Nf6 3. e3 c5 4.
Nc3 cxd4 5. exd4 a6 6. Nf3 Nc6 7. Ne5 Bd7 8. Nxc6 Bxc6 9. Bd3 e6 10. O-O Bd6 11. Ne2 Bxf4 12. Nxf4 Qd6 13. Qf3 O-O 14. c3 b5 15. a3 a5 16. Rae1 b4 17. axb4 axb4 18. Nh5 Nxh5 19. Qxh5 g6 20. Qh6 bxc3 21. bxc3 Ra3 22. Re3 f5 23. h4 Qe7 24. Rfe1 Bd7 25. c4 dxc4 26. Bxc4 Rxe3 27. Qxe3 Rf6 28. d5 Kf7 29. h5 Qd6 30. Qh6 Kg8 31. dxe6 Bxe6 32. Rxe6 Rxe6 33. hxg6 Qd1+ 34. Kh2 Qd6+ 35. g3 hxg6 36.
Qxg6+ Kf8 37. Qxe6 Qd4 38. Qf7# 1-0

[Event "*** Titled Tuesday Blitz"]
[Site "Chess.com"]
[Date "2019.12.03"]
[Round "3"]
[White "LiamVrolijk"]
[Black "PavelChernomordik"]
[Result "1-0"]
[WhiteElo "2752"]
[BlackElo "2443"]
[TimeControl "180+2"]
[EndTime "13:38:00 PST"]
[Termination "LiamVrolijk won by resignation"]

1. d4 g6 2. g3 Bg7 3. Bg2 d6 4. Nf3 c6 5. O-O Nf6 6. b3 O-O 7. Bb2 a5 8. a4 Na6 9. Nc3 Bf5 10. Nh4 Bg4 11. h3 Bd7 12. e4 Nb4 13. Re1 Qc8 14. Kh2 g5 15. Nf3 g4 16. hxg4 Nxg4+ 17. Kg1 e5 18. Na2 Na6 19. Qd2 Bh6 20.
Qe2 Qe8 21. Rad1 Qe7 22. dxe5 dxe5 23. Nxe5 Nxe5 24. Bxe5 Qxe5 25. Rxd7 Nc5 26. Rdd1 Rad8 27. Nc1 Bxc1 28. Rxc1 Ne6 29. Rcd1 Rxd1 30. Rxd1 Rd8 31. Rxd8+ Nxd8 32. f4 Qc5+ 33. Qf2 Qc3 34. Bh3 f6 35. Bf5 Nf7 36. Be6 Kg7 37. Bxf7 Kxf7 38. Kg2 b5 39.
Kh3 bxa4 40. bxa4 c5 41. Qe2 c4 42. Qh5+ Kg7 43. Qg4+ Kf7 44. Qd7+ Kg8 45. e5 fxe5 46. Qe8+ Kg7 47. Qxe5+ Qxe5 48. fxe5 Kf7 49. Kg4 Ke6 50. Kf4 c3 51. Ke4 h5 52. Kf4 Kd5 53. Kf5 Kd4 54.
e6 Ke3 55. e7 Kd2 56. e8=Q Kxc2 57. Qxh5 Kb2 58. Qe2+ c2 59. g4 Kb1 60. Qxc2+ Kxc2 61. g5 Kb3 62. g6 Kxa4 63. g7 1-0

[Event "*** Titled Tuesday Blitz"]
[Site "Chess.com"]
[Date "2019.12.03"]
[Round "3"]
[White "WeAintSurePal"]
[Black "MPGM"]
[Result "1-0"]
[WhiteElo "2379"]
[BlackElo "2571"]
[TimeControl "180+2"]
[EndTime "13:38:00 PST"]
[Termination "WeAintSurePal won by checkmate"]

1. Nf3 d5 2. c4 e6 3. g3 c6 4. Bg2 b5 5. cxb5 cxb5 6. O-O Nf6 7. d3 Be7 8. b3 O-O 9. Bb2 Bb7 10. Ne5 Nbd7 11. Nd2 Nxe5 12. Bxe5 Nd7 13. Bb2 Bf6 14. Bxf6 Nxf6 15. Rc1 Qb6 16. Qc2 Rfc8 17. Qb2 a5 18. Nf3 b4 19. Ne5 h6 20. Rxc8+ Rxc8 21. Rc1 Rc5 22.
e3 Qc7 23. Rxc5 Qxc5 24. d4 Qc7 25. Bf1 Ne4 26. Bd3 Nc3 27. Qc2 Qc8 28. h4 Ba6 29. a4 Bxd3 30. Qxd3 Ne4 31. Qb5 Kh7 32. Qd7 Qc2 33.
Qxf7 Nd2 34. Nd7 Qb1+ 35. Kg2 Nxb3 36. Nf6+ Kh8 37. Qg8# 1-0

[Event "*** Titled Tuesday Blitz"]
[Site "Chess.com"]
[Date "2019.12.03"]
[Round "3"]
[White "Zq1"]
[Black "politeplayer"]
[Result "1-0"]
[WhiteElo "2532"]
[BlackElo "2224"]
[TimeControl "180+2"]
[EndTime "13:38:01 PST"]
[Termination "Zq1 won on time"]

1. d4 Nf6 2. c4 c5 3. Nf3 cxd4 4.
Nxd4 g6 5. Nc3 Bg7 6. e4 Nc6 7. Be3 d6 8. Be2 Bd7 9. O-O Nxd4 10. Bxd4 O-O 11. Qd2 Bc6 12. f3 a5 13. b3 Nd7 14.
Be3 Nc5 15. Rab1 Qb6 16. Kh1 Rfc8 17. Rfc1 Qd8 18. Nd5 e6 19. Nc3 Be5 20. Rd1 Qh4 21. Bg1 Qf6 22. Nb5 Rd8 23. Qe3 Bf4 24. Qf2 Qg5 25. Nd4 Bxe4 26. fxe4 Nxe4 27. Qf3 Nd2 28. Rxd2 Bxd2 29. Rf1 Rf8 30. Qxb7 a4 31. Nf3 Qh6 32.
Nxd2 Qxd2 33. Qf3 a3 34. Be3 Qxa2 35. Bh6 Qb2 36. Bxf8 Rxf8 37. Bd3 a2 38. Qd1 Ra8 39. Qa1 Qxb3 40. Be2 Qc2 41. Bf3 Rb8 42. Qf6 Rb1 43.
Bd1 Qf5 44. Rxf5 Rxd1+ 45. Rf1 1-0

[Event "*** Titled Tuesday Blitz"]
[Site "Chess.com"]
[Date "2019.12.03"]
[Round "3"]
[White "AbasovN"]
[Black "GoldenShare"]
[Result "1-0"]
[WhiteElo "2789"]
[BlackElo "2454"]
[TimeControl "180+2"]
[EndTime "13:38:05 PST"]
[Termination "AbasovN won by resignation"]

1. e4 e6 2. Nf3 d5 3. exd5 exd5 4. d4 Nc6 5. Bd3 Bg4 6. Be3 Bd6 7. h3 Bh5 8. Nbd2 Bg6 9. Qe2 Nge7 10. c3 O-O 11. O-O Qd7 12. Rae1 Rae8 13. Bxg6 Nxg6 14. Qd3 Nce7 15.
Re2 c6 16. Rfe1 Qf5 17. Qxf5 Nxf5 18. g4 Nxe3 19. Rxe3 Rxe3 20. Rxe3 f6 21. Nf1 Kf7 22. Ne1 Rh8 23. Ng3 Bf4 24. Re2 Bxg3 25. fxg3 Re8 26. Rxe8 Kxe8 27. Kf2 Ke7 28. Nd3 Kd6 29. h4 Nf8 30.
Kf3 Ne6 31. Ne1 b6 32. Ng2 c5 33. Ke3 Kc6 34. Kd3 Kd6 35. Ne3 g6 36. Nc2 Ng7 37. Ke3 Ne6 38. Ne1 Ng7 39. Nd3 Ne6 40. a4 Ng7 41. b4 Ne6 42. dxc5+ bxc5 43. b5 Kc7 44. a5 Kd6 45. Nb2 Ke5 46. c4 dxc4 47.
Nxc4+ Kd5 48. Kd3 Nc7 49. Ne3+ Ke5 50. Kc4 Ke4 51. b6 axb6 52. axb6 Na6 53. Nd5 f5 54. gxf5 gxf5 55. Ne7 h5 56. Nc6 f4 57. gxf4 Kxf4 58. Kb5 c4 59. Kxa6 c3 60. b7 c2 61. b8=Q+ 1-0

[Event "*** Titled Tuesday Blitz"]
[Site "Chess.com"]
[Date "2019.12.03"]
[Round "3"]
[White "champ2005"]
[Black "Azatic"]
[Result "1-0"]
[WhiteElo "2961"]
[BlackElo "2634"]
[TimeControl "180+2"]
[EndTime "13:38:06 PST"]
[Termination "champ2005 won on time"]

1. c4 Nf6 2. Nc3 c5 3. Nf3 g6 4.
g3 Bg7 5. Bg2 O-O 6. O-O Nc6 7.
d4 d6 8. d5 Na5 9. Nd2 a6 10.
Rb1 Bd7 11. b3 b5 12. Bb2 Rb8 13. Qc2 h5 14. h3 Bh6 15. f4 bxc4 16. bxc4 Bg7 17. e4 Rb4 18. Qd3 Nh7 19. Ba3 Rxb1 20. Rxb1 e6 21. e5 dxe5 22. Bxc5 exf4 23. Bxf8 Qxf8 24. gxf4 Qa3 25. Nb3 Nxb3 26. axb3 Qc5+ 27. Kh1 Nf6 28. b4 Qf2 29. d6 Qxf4 30. c5 h4 31. c6 Bc8 32. Rf1 Qe5 33. d7 Nxd7 34. cxd7 Bxd7 35. Qxd7 Qxc3 36. Qxf7+ Kh7 37. Qxe6 Qxb4 38. Be4 1-0

[Event "*** Titled Tuesday Blitz"]
[Site "Chess.com"]
[Date "2019.12.03"]
[Round "3"]
[White "DenishevM"]
[Black "Egorov_Pavel"]
[Result "1-0"]
[WhiteElo "2618"]
[BlackElo "2369"]
[TimeControl "180+2"]
[EndTime "13:38:06 PST"]
[Termination "DenishevM won by resignation"]

1. c4 Nf6 2. g3 g6 3. Bg2 d5 4.
cxd5 Nxd5 5. Nc3 Nb6 6. d3 Bg7 7. Nf3 O-O 8. Be3 Nc6 9. Qd2 e5 10. h4 h5 11. Bh6 Bg4 12. Bxg7 Kxg7 13. Ng5 Qe7 14. Bxc6 bxc6 15. O-O Nd5 16. Rac1 f6 17. Nge4 f5 18. Ng5 f4 19. Nxd5 cxd5 20. Qa5 Rac8 21. Qxd5 fxg3 22. fxg3 Rxf1+ 23. Rxf1 Rf8 24. Rxf8 Kxf8 25.
Kf2 Qf6+ 26. Ke1 Qe7 27. a3 Kg7 28. Kd2 Bf5 29. b4 a6 30. Qc5 Qd7 31. Qxe5+ Kg8 32. Qf6 Qd5 33. Qe7 Qa2+ 34. Ke3 Qd5 35. Qxc7 Qa2 36. a4 Kf8 37. Qd6+ Ke8 38. Qxa6 Qa1 39.
Qc6+ Kd8 40. Ne6+ Ke7 41. Ng5 Qe5+ 42. Ne4 Qa1 43. Qd6+ Ke8 44. Qc6+ Ke7 45. a5 Kf8 46. a6 Bxe4 47. Qxe4 Qxa6 48. Qe5 Qa2 49. Qc5+ Kf7 50. Qc4+ 1-0

[Event "*** Titled Tuesday Blitz"]
[Site "Chess.com"]
[Date "2019.12.03"]
[Round "3"]
[White "VincentKeymer"]
[Black "TigrVShlyape"]
[Result "1-0"]
[WhiteElo "2643"]
[BlackElo "2839"]
[TimeControl "180+2"]
[EndTime "13:38:07 PST"]
[Termination "VincentKeymer won by resignation"]

1. Nf3 Nf6 2. g3 g6 3. Bg2 Bg7 4. O-O O-O 5. c4 c6 6. b3 d5 7. Bb2 Bg4 8. d3 Bxf3 9. Bxf3 e6 10. Nd2 a5 11. a3 Nbd7 12. Bg2 Qe7 13. Qc2 Rfd8 14.
Nf3 Ne8 15. Rfd1 Bxb2 16. Qxb2 Nef6 17. e3 Ra6 18. d4 Raa8 19. Ne1 Ne8 20. Nd3 Nd6 21.
Qc2 Re8 22. h3 Ra7 23. Rab1 a4 24. c5 axb3 25. Rxb3 Nc4 26. Qc3 b6 27. cxb6 Ndxb6 28. Bf1 Rxa3 29. Nc5 Rea8 30. Rxa3 Rxa3 31. Qb4 Qa7 32.
Rb1 Ra1 33. Kg2 Rxb1 34. Qxb1 Nd2 35. Qb4 Nxf1 36. Kxf1 Nd7 37. Nxd7 Qxd7 38. Qb8+ Kg7 39. h4 h6 40. Kg2 Qe7 41. Qe5+ f6 42. Qb8 c5 43. dxc5 Qxc5 44. Qe8 Qd6 45. g4 f5 46.
h5 gxh5 47. gxh5 e5 48. f3 d4 49. exd4 exd4 50. Kf1 Kf6 51. Qg6+ Ke5 52. Qg7+ Kf4 53. Kf2 1-0

[Event "*** Titled Tuesday Blitz"]
[Site "Chess.com"]
[Date "2019.12.03"]
[Round "3"]
[White "DonBroca"]
[Black "Noam_Vitenberg"]
[Result "0-1"]
[WhiteElo "2104"]
[BlackElo "2355"]
[TimeControl "180+2"]
[EndTime "13:38:08 PST"]
[Termination "Noam_Vitenberg won by checkmate"]

1. e4 e5 2. Nf3 Nc6 3. d4 exd4 4. Bc4 Bc5 5. O-O Nge7 6. Re1 O-O 7. Bg5 d6 8. h3 Be6 9. Bxe6 fxe6 10. Nbd2 e5 11. Nb3 Qd7 12. c3 Bb6 13. cxd4 Nxd4 14. Nbxd4 exd4 15. Qb3+ Kh8 16. Rad1 Nc6 17. e5 dxe5 18. Nxe5 Nxe5 19.
Rxe5 Rae8 20. Rde1 h6 21. Bh4 Rxe5 22. Rxe5 Re8 23.
Rd5 Qf7 24. Rd8 Qg8 25. Qxg8+ Rxg8 26. Rd7 Re8 27. Kf1 Re4 28. f3 Rxh4 29. Rd8+ Kh7 30.
Rd7 Rh5 31. Ke2 Rc5 32. Kd3 Rc6 33. b4 Re6 34. a4 Re3+ 35. Kc4 c6 36. a5 Rc3# 0-1